 Dungeon Crawl Stone Soup version 0.26.0-10-g1f06aea511 (webtiles) character file.

Game seed: 7991890117223875412

214 mopl the Sneak (level 5, -4/37 HPs)
             Began as an Octopode Delver on Jan 21, 2021.
             Was a Follower of the Shining One.
             Slain by a centaur (7 damage)
             ... on level 7 of the Dungeon.
             The game lasted 00:01:49 (537 turns).

mopl the Sneak (Octopode Delver)                     Turns: 537, Time: 00:01:50

Health: -4/37      AC:  1    Str: 12    XL:     5   Next: 91%
Magic:  5/5        EV: 14    Int: 12    God:    the Shining One [*.....]
Gold:   38         SH:  0    Dex: 14    Spells: 4/4 levels left

rFire    . . .     SeeInvis .   a - +0 falchion
rCold    . . .     Faith    .   (no shield)
rNeg     . . .     Spirit   .   (helmet restricted)
rPois    .         Reflect  .   (no amulet)
rElec    .         Harm     .   (no ring)
rCorr    .         Rampage  .   (no ring)
Will     .....                  (no ring)
Stlth    ++........             (no ring)
HPRegen  0.12/turn              (no ring)
MPRegen  0.09/turn              (no ring)
                                (no ring)
                                (no ring)

@: glowing
A: almost no armour, stealthy swim, amphibious, 8 rings, constrict 8, camouflage
1, gelatinous body 1
a: Renounce Religion


You were on level 7 of the Dungeon.
You worshipped the Shining One.
The Shining One was aware of your devotion.
You visited 2 branches of the dungeon, and saw 5 of its levels.

You collected 38 gold pieces.

Inventory:

Hand Weapons
 a - a +0 falchion (weapon)
Wands
 f - a wand of digging (3)
Scrolls
 b - a scroll of fog
 c - a scroll of magic mapping
 d - a scroll of fear
 g - 3 scrolls of blinking {unknown}
 h - a scroll of remove curse {unknown}
 k - a scroll of enchant weapon {unknown}
Potions
 e - a potion of haste
 i - a potion of magic {unknown}
 j - a potion of heal wounds {unknown}


   Skills:
 + Level 4.0 Fighting
 * Level 4.4 Long Blades
 + Level 3.3 Dodging
 - Level 6.6 Stealth


You had 4 spell levels left.
You didn't know any spells.
Your spell library was empty.

Dungeon Overview and Level Annotations

Branches:
Dungeon (7/15)             Temple (1/1) D:5

Altars:
Ashenzari
Dithmenos
Elyvilon
Fedhas
Makhleb
Nemelex Xobeh
Qazlal
Ru
Sif Muna
Trog
Wu Jian
The Shining One

Shops:
D:6 (   D:7 *


Innate Abilities, Weirdness & Mutations

You cannot wear most types of armour.
You are very stealthy in the water. (Stealth+)
You are amphibious.
You can wear up to eight rings at the same time.
You can use your tentacles to constrict eight enemies at once.
Your skin changes colour to match your surroundings (Stealth+).
Your rubbery body absorbs attacks. (AC +1, EV +1)


Message History

You are too injured to fight recklessly!
You are too injured to fight recklessly!
You are too injured to fight recklessly!
You hit the centaur.
You kill the centaur!
Your Fighting skill increases to level 4!
Your Long Blades skill increases to level 4!
You start resting.
A centaur comes into view.
The centaur shouts!
You hit the centaur.
The centaur is lightly wounded.
The centaur hits you!
* * * LOW HITPOINT WARNING * * *
You hit the centaur.
The centaur is moderately wounded.
The centaur hits you!
* * * LOW HITPOINT WARNING * * *
The centaur hits you!
You die...

#.#.# #.#.#
#.#.# #.#.#
#.#.# #.#
#.# #.###
#..>...#@)#
#.###.#c#.#
#.#. ∩.# .
.. ....
.#.#. ..#.#
#.....
....# .##
.# .#### .
.#


You could see a centaur.

Vanquished Creatures
  A centaur (D:7)
  2 hounds
  An orc priest (D:6)
  A worker ant (D:6)
  An adder (D:5)
  An adder skeleton (D:6)
  A leopard gecko (D:7)
  An orc (D:6)
  A leopard gecko skeleton (D:5)
  A quokka skeleton (D:6)
11 creatures vanquished.

Notes
Turn   | Place    | Note
-------+----------+-------------------------------------------
     0 | D:5      | mopl the Octopode Delver began the quest for the Orb.
     0 | D:5      | Reached XP level 1. HP: 16/16 MP: 1/1
    37 | D:5      | Noticed a hound
    71 | D:5      | Found a staircase to the Ecumenical Temple.
    80 | Temple   | Entered the Ecumenical Temple
   108 | Temple   | Became a worshipper of the Shining One
   152 | D:5      | Reached XP level 2. HP: 19/21 MP: 2/2
   191 | D:5      | Reached skill level 3 in Long Blades
   191 | D:5      | Reached XP level 3. HP: 21/26 MP: 3/3
   210 | D:5      | Noticed a phantom
   232 | D:6      | Noticed an ogre
   239 | D:6      | Reached XP level 4. HP: 22/31 MP: 4/4
   393 | D:6      | Noticed an ice beast
   402 | D:6      | Noticed an orc warrior
   404 | D:6      | Reached * piety under the Shining One
   423 | D:6      | Reached skill level 3 in Dodging
   423 | D:6      | Reached XP level 5. HP: 37/37 MP: 5/5
   428 | D:6      | Found Begoh's Antique Weapon Boutique.
   491 | D:7      | Found Hixuzxo's General Store.
   492 | D:7      | Noticed a centaur
   499 | D:7      | Killed a centaur
   500 | D:7      | Reached skill level 4 in Fighting
   500 | D:7      | Reached skill level 4 in Long Blades
   535 | D:7      | Noticed a centaur
   537 | D:7      | Slain by a centaur

Illustrated notes

Levels and vault maps discovered:
D:4:      gammafunk_cloud_chamber, layout_basic,
          lemuel_zombie_altar_yredelemnul, wad_floor_pattern_2,
          minmay_misc_feat_tower
D:5:      layout_cave_pools, lemuel_doored_altar, fiery_altar_vehumet,
          temple_hall, minmay_misc_feat_rows, grunt_ministairs_9,
          mrwooster_statue_mirror
D:6:      layout_cave_pools, general_overflow_altar, marbit_many_paths,
          serial_shops, nicolae_shop_trees, nrook_uturn,
          kennysheep_generic_room_13
D:7:      layout_loops_ring, kennysheep_mini, serial_shops, shop, uniq_harold,
          uniq_pikel
Temple:   minmay_temple_bridge_abc

Skill      XL: |  1  2  3  4  5 |
---------------+----------------+-----
Long Blades    | 3 4 |  4.4
Dodging        | 3 |  3.3
Fighting       | 4 |  4.0
Stealth        | |  6.6

Action                   |  1- 3 |  4- 6 || total
-------------------------+-------+-------++-------
Melee: Falchion          |    11 |    17 ||    28
       Tentacles         |     6 |     7 ||    13
       Constrict         |     3 |     5 ||     8
Armor: Skin              |       |     2 ||     2
Dodge: Dodged            |    10 |    10 ||    20
       Rpst.: Falchion   |     4 |     4 ||     8
